 Dungeon Crawl Stone Soup version 0.31.0-1-g2c135a008e (webtiles) character file.

Game seed: 14602562077894913977

230 qw the Shooter (level 6, 0/46 HPs)
             Began as a Djinni Hunter on Jan 23, 2024.
             Slain by Ijyb
             ... wielding a +0 dagger
              (3 damage)
             ... on level 4 of the Dungeon.
             The game lasted 00:00:10 (2546 turns).

qw the Shooter (Djinni Hunter)                      Turns: 2546, Time: 00:00:11

Health: 0/46       AC:  5    Str: 10    XL:     6   Next: 24%
Gold:   201        EV: 11    Int: 10    God:
                   SH:  0    Dex: 19

rFire   + + .        a - +0 shortbow
rCold   x . .        (shield currently unavailable)
rNeg    . . .        d - +0 ring mail
rPois   inf          (no helmet)
rElec   .            (no cloak)
rCorr   .            (no gloves)
SInv    .            (boots unavailable)
Will    .....        f - amulet of the acrobat
Stlth   +            (no ring)
HPRegen 0.27/turn    (no ring)
MPRegen 0.00/turn

%: acrobat, infuse magic (-1 HP)
@: flying
A: sickness immunity, fire resistance 2, cold vulnerability 1, float, innate
caster, HP casting, extra vitality 1
a: no special abilities


You were on level 4 of the Dungeon.
You visited 1 branch of the dungeon, and saw 4 of its levels.

You collected 201 gold pieces.


Innate Abilities, Weirdness & Mutations

You are immune to sickness and miasma.
You are immune to poison.
Your flesh is very heat resistant. (rF++)
You are vulnerable to cold. (rC-)
You float through the air rather than walking.
You learn spells naturally, not from books.
Your magical power is your life essence.
You have superior vitality. (+4 MHP)


   Skills:
 + Level 3.0 Fighting
 - Level 5.0 Ranged Weapons
 - Level 1.0 Armour
 - Level 3.4 Dodging
 - Level 0.7 Stealth


You knew the following spells:

 Your Spells              Type           Power      Damage    Failure   Level
a - Necrotise             Necr           0%         1d4       67%         1
b - Searing Ray           Conj           0%         2d4       82%         2
Your spell library was empty.

Inventory:

Hand Weapons
 a - a +0 shortbow (weapon)
Armour
 d - a +0 ring mail (worn)
Jewellery
 f - an amulet of the acrobat (around neck)
Scrolls
 b - a scroll of identify
 h - a scroll of enchant armour
Potions
 g - 3 potions of might

Dungeon Overview and Level Annotations

Branches:
Dungeon (4/15)
 Temple: D:4-7

Altars:

Annotations:
D:4 Ijyb, Robin


Message History

The goblin hits you but does no damage. Ijyb completely misses you.
The goblin completely misses you. Ijyb barely misses you.
The goblin misses you. Ijyb misses you. The goblin misses you.
Ijyb zaps a wand.
Your will is overpowered!
You are more confused.
The goblin barely misses you. Ijyb hits you but does no damage.
The goblin closely misses you. Ijyb barely misses you.
The goblin closely misses you. Ijyb completely misses you.
The goblin completely misses you.
Ijyb zaps a wand.
You resist with some effort. The goblin completely misses you.
Ijyb zaps a wand.
You resist with some effort. The goblin hits you with a +0 dagger.
Ijyb closely misses you. The goblin hits you with a +0 dagger.
Ijyb hits you with a +0 dagger. The goblin misses you.
Ijyb completely misses you. The goblin misses you.
You feel less confused. Ijyb completely misses you. The goblin misses you.
You shoot an arrow. The arrow hits Ijyb but does no damage.
Ijyb is heavily wounded.
Ijyb hits you with a +0 dagger. The goblin barely misses you.
Ijyb hits you with a +0 dagger.
You shoot an arrow. The arrow hits Ijyb but does no damage.
Ijyb is heavily wounded.
The goblin hits you with a +0 dagger. Ijyb hits you with a +0 dagger.
You shoot an arrow. The arrow hits Ijyb.
Ijyb is severely wounded.
The goblin hits you but does no damage. Ijyb hits you with a +0 dagger.
You shoot an arrow. The arrow hits Ijyb.
Ijyb is severely wounded.
The goblin barely misses you. Ijyb hits you with a +0 dagger.
The goblin hits you but does no damage.
Ijyb zaps a wand.
You resist with some effort.
You shoot an arrow. The arrow hits Ijyb but does no damage.
Ijyb is severely wounded.
The goblin hits you but does no damage. Ijyb hits you but does no damage.
You shoot an arrow. The arrow hits Ijyb.
Ijyb is almost dead.
The goblin closely misses you. Ijyb hits you with a +0 dagger.
You die...

##.#######...
#######.......(#...
.........####......
####......# #..)...
###.##.#.# #......
#<.....#.# ####..)
#......#.# #>^.
#.#.(..#.# #...
#@#..#.#.# #...
########gg......#
#...
#....g.gg...#.###
#...
#...g.##.#..#.#
.... #...[
...#..#.. .....
...g..####..# #.
.... .!:.. #.#. ##
#... ...# .###.
#... ) # ## #...


You could see Ijyb, 2 gnolls and a goblin.

Vanquished Creatures
  A gnoll bouda (D:4)
  2 orc wizards (D:4)
  3 adders
  3 gnolls (D:3)
  5 dart slugs
  2 orcs (D:4)
  11 ball pythons
  5 bats
  6 endoplasms
  2 giant cockroaches
  8 goblins
  13 hobgoblins
  4 quokkas
  4 frilled lizards
  6 kobolds
  6 rats
81 creatures vanquished.

Notes
Turn   | Place    | Note
-------+----------+-------------------------------------------
     0 | D:1      | qw the Djinni Hunter began the quest for the Orb.
     0 | D:1      | Reached XP level 1. HP: 18/18 MP: 0/0
     0 | D:1      | 0 ||| qw: Version: 0.3-a-136-gdd3b4e8
     0 | D:1      | 0 ||| qw: Game counter: 994
     0 | D:1      | 0 ||| qw: Melee chars always use a shield: true
     0 | D:1      | 0 ||| qw: God list: Okawaru
     0 | D:1      | 0 ||| qw: Allow faded altars: false
     0 | D:1      | 0 ||| qw: Do Orc after clearing Dungeon:15 true
     0 | D:1      | 0 ||| qw: Do second Lair branch before Depths: true
     0 | D:1      | 0 ||| qw: Lair rune preference: random
     0 | D:1      | 0 ||| qw: Goals: Normal
     0 | D:1      | 0 ||| PLANNING D:1-11
   213 | D:1      | Reached XP level 2. HP: 23/23 MP: 0/0
   416 | D:1      | Reached skill level 4 in Ranged Weapons
   416 | D:1      | Reached XP level 3. HP: 28/28 MP: 0/0
   416 | D:1      | Learned a level 1 spell: Necrotise
   541 | D:1      | Found a faded altar of an unknown god.
   589 | D:1      | 589 ||| UPGRADING to +0 ring mail.
   599 | D:1      | 599 ||| DROPPING +0 leather armour.
   600 | D:1      | 600 ||| UPGRADING to amulet of the acrobat.
   605 | D:1      | 605 ||| READING scroll labelled PUEWNU GAXAINY.
   706 | D:1      | 706 ||| READING scroll labelled HIOSOERRUHIE.
   706 | D:1      | 706 ||| IDENTIFYING viscous grey potion
   707 | D:1      | 707 ||| DRINKING 2 sedimented golden potions.
   708 | D:1      | 708 ||| DROPPING scroll of butterflies.
   709 | D:1      | 709 ||| DROPPING potion of ambrosia.
   735 | D:2      | 735 ||| STAIRDANCE
   851 | D:2      | Reached skill level 1 in Armour
   863 | D:2      | 863 ||| FLEEEEING.
   865 | D:2      | 865 ||| FLEEEEING.
  1177 | D:2      | Reached XP level 4. HP: 34/34 MP: 0/0
  1445 | D:2      | 1445 ||| READING scroll of identify.
  1445 | D:2      | 1445 ||| IDENTIFYING glowing brown potion
  1446 | D:2      | 1446 ||| READING scroll labelled GOWOG WYGUDUI.
  1512 | D:3      | Reached skill level 3 in Fighting
  1878 | D:3      | Reached XP level 5. HP: 40/40 MP: 0/0
  1878 | D:3      | Learned a level 2 spell: Searing Ray
  2351 | D:3      | 2351 ||| READING 4 scrolls of identify.
  2351 | D:3      | 2351 ||| IDENTIFYING lumpy clear potion
  2352 | D:3      | 2352 ||| READING 3 scrolls of identify.
  2352 | D:3      | 2352 ||| IDENTIFYING 2 golden potions
  2353 | D:3      | 2353 ||| READING 2 scrolls of identify.
  2353 | D:3      | 2353 ||| IDENTIFYING scroll labelled JENAIR CELE
  2354 | D:3      | 2354 ||| DROPPING potion of lignification.
  2355 | D:3      | 2355 ||| DROPPING 2 potions of brilliance.
  2434 | D:4      | 2434 ||| DRINKING potion of curing.
  2434 | D:4      | 2434 ||| (to cure confusion)
  2438 | D:4      | Reached skill level 5 in Ranged Weapons
  2456 | D:4      | Reached XP level 6. HP: 41/46 MP: 0/0
  2507 | D:4      | Noticed Robin
  2508 | D:4      | Noticed Ijyb
  2511 | D:4      | 2511 ||| RETREEEEATING.
  2512 | D:4      | 2512 ||| RETREEEEATING.
  2521 | D:4      | Reached skill level 3 in Dodging
  2542 | D:4      | HP: 10/46 [goblin/+0 dagger (3)]
  2543 | D:4      | HP: 4/46 [Ijyb/+0 dagger (6)]
  2546 | D:4      | Slain by Ijyb

Levels and vault maps discovered:
D:1:      amcnicky_arrival_feature_with_door, layout_basic,
          shapermc_ecumenical_altar_mp_vishouse
D:2:      layout_loops_ring
D:3:      wander_river, layout_loops_corners, minmay_diced_spiral
D:4:      layout_loops_cross, nicolae_goblin_pals

Skill      XL: |  1  2  3  4  5  6 |
---------------+-------------------+-----
Ranged Weapons | 4 5 |  5.0
Armour         | 1 |  1.0
Fighting       | 3 |  3.0
Dodging        | 3 |  3.4
Stealth        | |  0.7

Action                     |  1- 3 |  4- 6 || total
---------------------------+-------+-------++-------
   Fire: Shortbow          |   103 |   149 ||   252
    Use: Scroll            |     2 |     5 ||     7
         Potion            |     1 |     1 ||     2
 Armour: Leather armour    |    13 |       ||    13
         Ring mail         |    18 |    73 ||    91
  Dodge: Dodged            |    43 |    69 ||   112

Table legend:
 A = Non-vault XP
 B = Vault XP
 C = Vault XP percentage of total XP
 D = Non-vault monster count
 E = Vault monster count
 F = Vault count percentage of total count
                 A         B        C        D         E       F
            +---------+---------+-------+---------+---------+-------
      Total |     304 |      25 |   7.6 |      73 |       8 |   9.9
            +---------+---------+-------+---------+---------+-------
        D:1 |      30 |       0 |   0.0 |      16 |       0 |   0.0
        D:2 |      56 |       0 |   0.0 |      26 |       0 |   0.0
        D:3 |      78 |      17 |  17.9 |      21 |       4 |  16.0
        D:4 |     140 |       8 |   5.4 |      10 |       4 |  28.6
            +---------+---------+-------+---------+---------+-------
